cohdb
Replays
Latest Replays
All Replays
Popular Replays
Top Player Replays
Match Explorer
How It Works
Community
CoH3 Stats
Reddit
Sign in to upload your games and track your stats! →
Sign in with Steam
Match 46285802
Unlisted
Match 46285802
Overview
Messages
Build Orders
End
Pioneer Squad
Pioneer Squad
Construct Infanterie Kompanie
Selects Breakthrough Battlegroup
Selects Assault Grenadiers
Grenadier Squad
Grenadier Squad
Grenadier Squad
Construct Luftwaffe Kompanie
Selects Rapid Production
221 Scout Car
Flak 30 Anti-aircraft Gun Team
Jäger Squad
Medical Station
Support Elements
Wirbelwind Flakpanzer
Wirbelwind Flakpanzer
Selects Breakthrough
Jäger Squad
Breakthrough
Wirbelwind Flakpanzer
Selects Blitzkrieg
Marder III M Tank Destroyer
Luftwaffe Officer Quarters
Breakthrough
oziligath
Stana
0
0
Comments
sign in to comment!
No comments posted yet!